[Event "Team 45 45 League T73"]
[Site "Internet Chess Club"]
[Date "2017.06.17"]
[Round "1"]
[White "Kingofknights"]
[Black "SeniorCitizen"]
[Result "1-0"]
[WhiteElo "1503"]
[BlackElo "1217"]
[Opening "QGD"]
[ECO "D51"]
[Time "14:04:17"]
[TimeControl "2700+45"]

1. d4 d5 2. c4 e6 3. Nc3 Nf6 4. Bg5 Nbd7 5. e3 Be7 6. Nf3 b6 7. cxd5 Nxd5 8.
Bxe7 Qxe7 9. Rc1 a6 10. e4 Nf4 11. Qd2 Ng6 12. d5 e5 13. d6 Qxd6 14. Nd5 c5 15.
Be2 O-O 16. O-O Nf6 17. Nxf6+ Qxf6 18. Rcd1 Bb7 19. Qc2 Rad8 20. a4 Rxd1 21.
Rxd1 Rd8 22. Rd2 Rxd2 23. Nxd2 h6 24. f3 Qd6 25. Nc4 Qd4+ 26. Kf1 Nf4 27. Nxb6
Nxe2 28. Qxe2 Qb4 29. Nd5 Qxa4 30. Ne7+ Kh7 31. Nf5 Bc6 32. Qd2 Qb5+ 33. Kf2 Qb6
34. Kg3 Qd8 35. Qxd8 {Black resigns} 1-0

[Event "Team 45 45 League T73"]
[Site "Internet Chess Club"]
[Date "2017.06.15"]
[Round "1"]
[White "GrandUnified"]
[Black "wirerabbit"]
[Result "1-0"]
[WhiteElo "1575"]
[BlackElo "1381"]
[Opening "Réti opening"]
[ECO "A05"]
[Time "20:06:27"]
[TimeControl "2700+45"]

1. Nf3 Nf6 2. d3 d5 3. Nbd2 c5 4. e4 dxe4 5. dxe4 Bd7 6. c3 e6 7. Qc2 Be7 8. a4
Nc6 9. g3 Qc7 10. Bg2 O-O 11. O-O a6 12. Nc4 Rac8 13. Bf4 Qd8 14. Rfd1 Qe8 15.
Nb6 Nh5 16. Nxd7 Nxf4 17. gxf4 Kh8 18. Nxf8 Qxf8 19. Rd7 Qe8 20. Rad1 {Black
resigns} 1-0

[Event "Team 45 45 League T73"]
[Site "Internet Chess Club"]
[Date "2017.06.16"]
[Round "1"]
[White "JohLeb"]
[Black "MartyJR"]
[Result "1-0"]
[WhiteElo "1470"]
[BlackElo "1446"]
[Opening "QGD semi-Slav: Botvinnik system (anti-Meran)"]
[ECO "D15"]
[Time "13:00:20"]
[TimeControl "2700+45"]

1. d4 d5 2. c4 c6 3. Nc3 Nf6 4. Nf3 dxc4 5. e4 e6 6. Bg5 Be7 7. Bxc4 O-O 8. O-O
Nbd7 9. d5 cxd5 10. exd5 Nb6 11. Bb3 exd5 12. Rc1 Be6 13. Nd4 Bg4 14. Qd3 Re8
15. h3 Bc8 16. Bc2 g6 17. Rcd1 Nh5 18. Bh6 Bg5 19. Bxg5 Qxg5 20. Nf3 Qf6 21. Qd4
Qxd4 22. Rxd4 Nf6 23. Bb3 Be6 24. Re1 Rad8 25. Nb5 a6 26. Nc7 Re7 27. Nxe6 fxe6
28. Rb4 Nc4 29. Bxc4 dxc4 30. Rxc4 Kg7 31. Re2 Rd1+ 32. Kh2 h6 33. a3 Rd5 34.
Ne5 h5 35. f4 Ne8 36. h4 Nd6 37. Rc3 Nf5 38. g3 Rd4 39. Rec2 Nh6 40. Rc7 Rxc7
41. Rxc7+ Kg8 42. Kh3 b5 43. Rc6 Rd3 44. Nxd3 {Black resigns} 1-0

[Event "Team 45 45 League T73"]
[Site "Internet Chess Club"]
[Date "2017.06.16"]
[Round "1"]
[White "guyd52"]
[Black "GideonL"]
[Result "1/2-1/2"]
[WhiteElo "1339"]
[BlackElo "1396"]
[Opening "Réti opening"]
[ECO "A05"]
[Time "19:02:59"]
[TimeControl "2700+45"]

1. Nf3 Nf6 2. g3 d5 3. Bg2 e6 4. d3 Bd6 5. Nbd2 O-O 6. O-O c5 7. b3 Nc6 8. Bb2
b6 9. e4 dxe4 10. Bxf6 Qxf6 11. Nxe4 Qd8 12. Nxd6 Qxd6 13. Qe2 Bd7 14. Ng5 h6
15. Ne4 Qe7 16. Rfe1 Nd4 17. Qd1 Rad8 18. c3 Nf5 19. Bh3 Nd6 20. f4 Nxe4 21.
Rxe4 Bc6 22. Re5 Rd5 23. Re3 Rfd8 24. Bg2 R5d6 25. Bxc6 Rxc6 26. Qf3 Rcd6 27.
Rd1 Qf6 28. Re5 {Game drawn by mutual agreement} 1/2-1/2

[Event "Team 45 45 League T73"]
[Site "Internet Chess Club"]
[Date "2017.06.17"]
[Round "1"]
[White "limeinthecoke"]
[Black "Just-Jim"]
[Result "1-0"]
[WhiteElo "1309"]
[BlackElo "1329"]
[Opening "English opening"]
[ECO "A20"]
[Time "11:00:23"]
[TimeControl "2700+45"]

1. c4 e5 2. g3 e4 3. Bg2 f5 4. Nc3 Nf6 5. a3 Bc5 6. d3 O-O 7. dxe4 Ng4 8. Qd5+
Kh8 9. Qxc5 fxe4 10. Nxe4 d6 11. Qd5 c6 12. Qxd6 Qxd6 13. Nxd6 Nxf2 14. Nxc8
Rxc8 15. Kxf2 Rf8+ 16. Nf3 Nd7 17. Rd1 Ne5 18. b3 Ng4+ 19. Kg1 Rae8 20. Bf4 Rxe2
21. Rd7 Rfe8 22. Rad1 Nf2 23. Bf1 Nxd1 24. Bxe2 Nc3 25. Bd3 Kg8 26. Be5 Nd1 27.
Ng5 g6 28. Rg7+ Kf8 29. Nxh7# {Black checkmated} 1-0

[Event "Team 45 45 League T73"]
[Site "Internet Chess Club"]
[Date "2017.06.19"]
[Round "1"]
[White "Constrictor"]
[Black "noblitz-oblige"]
[Result "1-0"]
[WhiteElo "1577"]
[BlackElo "1429"]
[Opening "Vienna game"]
[ECO "C26"]
[Time "20:13:47"]
[TimeControl "2700+45"]

1. e4 e5 2. Nc3 Nf6 3. Bc4 a6 4. d3 h6 5. Nge2 Nc6 6. O-O Bc5 7. Be3 d6 8. Bxc5
dxc5 9. h3 O-O 10. f4 exf4 11. Nxf4 Na5 12. Nfd5 Nxd5 13. Bxd5 c6 14. Bb3 Nxb3
15. axb3 Qg5 16. Qc1 Qe5 17. Qf4 Qd4+ 18. Qf2 f5 19. Kh1 Bd7 20. Qg3 fxe4 21.
Nxe4 Qxb2 22. Nxc5 Bf5 23. Rae1 b6 24. Na4 Qxc2 25. Re7 g6 26. Rxf5 {Black
resigns} 1-0

[Event "Team 45 45 League T73"]
[Site "Internet Chess Club"]
[Date "2017.06.16"]
[Round "1"]
[White "RonaldoR"]
[Black "mongmong"]
[Result "1/2-1/2"]
[WhiteElo "1590"]
[BlackElo "1496"]
[Opening "French: Tarrasch"]
[ECO "C03"]
[Time "18:00:37"]
[TimeControl "2700+45"]

1. e4 e6 2. d4 d5 3. Nd2 h6 4. Bd3 c5 5. c3 cxd4 6. cxd4 dxe4 7. Bxe4 Nf6 8. Bc2
Qxd4 9. Ngf3 Qd8 10. O-O b6 11. Nb3 Qxd1 12. Rxd1 Bb7 13. Nbd2 Be7 14. Ba4+ Bc6
15. Bxc6+ Nxc6 16. Nb3 O-O 17. Be3 Rfd8 18. Re1 Nd5 19. Bd2 Bf6 20. Rac1 Rac8
21. Rc2 Ncb4 22. Rxc8 Rxc8 23. Rb1 Nd3 24. Nbd4 a6 25. Kf1 Ne5 26. Nxe5 Bxe5 27.
Nf3 Bf6 28. b3 b5 29. Ne1 Be7 30. Nd3 Rc2 31. Rb2 Rxb2 32. Nxb2 Bb4 33. Ke2 Bxd2
34. Kxd2 Kf8 35. Nd3 Ke7 36. Nc5 Kd6 37. Nxa6 Kc6 38. a3 Kb6 39. Nb4 Nxb4 40.
axb4 Kc6 41. Ke3 Kd5 42. f3 e5 43. g4 g6 44. Kd3 f5 45. gxf5 gxf5 46. Ke3 h5 47.
h4 e4 48. f4 Ke6 49. Ke2 Kd6 50. Kd2 Kc6 51. Ke2 Kb6 52. Ke3 Kc7 53. Kf2 Kd6 54.
Ke2 Ke6 55. Kf2 Kd5 56. Ke3 Kd6 57. Kd2 Ke6 58. Ke2 Kd6 59. Kd2 Kc6 60. Ke2 Kd7
61. Ke3 Ke7 62. Kd2 Kf6 63. Ke3 Ke7 64. Kd2 Kd6 65. Ke2 Kd5 66. Ke3 {Game drawn
by repetition} 1/2-1/2

[Event "Team 45 45 League T73"]
[Site "Internet Chess Club"]
[Date "2017.06.17"]
[Round "1"]
[White "kingsrook"]
[Black "smsxman"]
[Result "1/2-1/2"]
[WhiteElo "1236"]
[BlackElo "1331"]
[Opening "Queen's pawn game"]
[ECO "E20"]
[Time "12:00:25"]
[TimeControl "2700+45"]

1. d4 e6 2. c4 Nf6 3. Nc3 c5 4. e3 d5 5. cxd5 cxd4 6. exd4 exd5 7. Nf3 Nc6 8.
Bb5 Bd7 9. O-O Bb4 10. Re1+ Ne7 11. Bxd7+ Qxd7 12. Ne5 Qc8 13. Qa4+ Nd7 14. Qxb4
a5 15. Qd6 Nxe5 16. Rxe5 Qd7 17. Qxd7+ Kxd7 18. Nxd5 Nxd5 19. Rxd5+ Kc6 20. Rc5+
Kb6 21. a4 Rhe8 22. Be3 Rac8 23. Rac1 Rc6 24. Rb5+ Ka6 25. Rxc6+ bxc6 26. Rc5
Re6 27. Kf1 g6 28. Bd2 Rd6 29. Rxa5+ Kb6 30. Bc3 Rxd4 31. Bxd4+ Kxa5 32. b3 Kb4
33. Bg7 c5 34. Bf8 Kxb3 35. a5 c4 36. a6 c3 37. a7 c2 38. a8=Q c1=Q+ 39. Ke2
Qc4+ 40. Kf3 Qd3+ 41. Kg4 Qf5+ 42. Kg3 Qe5+ 43. Kf3 Qf5+ 44. Kg3 Qe5+ 45. Kf3
Qf5+ 46. Kg3 {Game drawn by repetition} 1/2-1/2

[Event "Team 45 45 League T73"]
[Site "Internet Chess Club"]
[Date "2017.06.22"]
[Round "1"]
[White "chuckh2"]
[Black "az2112"]
[Result "0-1"]
[WhiteElo "1463"]
[BlackElo "1658"]
[Opening "Queen's pawn: London system"]
[ECO "A45"]
[Time "21:01:16"]
[TimeControl "2700+45"]

1. d4 Nf6 2. Bf4 e6 3. e3 d5 4. Nf3 c5 5. c3 Nc6 6. Nbd2 Be7 7. Bd3 O-O 8. h3 a6
9. O-O b5 10. Re1 Bb7 11. Ne5 Nxe5 12. Bxe5 Nd7 13. Bg3 c4 14. Be2 b4 15. Qa4 a5
16. Qc2 Nf6 17. f3 Rc8 18. Qd1 Re8 19. Rc1 Qb6 20. f4 Bd6 21. Nf3 Ne4 22. Bh2
Ba6 23. Ng5 Nf6 24. Bh5 g6 25. Bf3 h6 26. h4 hxg5 27. hxg5 Ne4 28. Bxe4 dxe4 29.
Kf2 Kg7 30. Qg4 Rh8 31. Rh1 bxc3 32. Qd1 cxb2 33. Rb1 c3 34. Qb3 Qxb3 35. axb3
Bd3 {White resigns} 0-1

[Event "Team 45 45 League T73"]
[Site "Internet Chess Club"]
[Date "2017.06.14"]
[Round "1"]
[White "ChessMaine"]
[Black "bmw2002"]
[Result "0-1"]
[WhiteElo "1481"]
[BlackElo "1491"]
[Opening "Queen's pawn: stonewall attack"]
[ECO "A45"]
[Time "21:10:08"]
[TimeControl "2700+45"]

1. d4 Nf6 2. e3 d5 3. Bd3 c5 4. c3 Nc6 5. Nf3 Bg4 6. Nbd2 e5 7. dxe5 Nxe5 8.
Bb5+ Nc6 9. h3 Bd7 10. O-O Bd6 11. Re1 O-O 12. e4 dxe4 13. Nxe4 Nxe4 14. Rxe4
Bf5 15. Re2 Bh2+ 16. Kxh2 Qxd1 17. Rd2 Rad8 18. Rxd1 Rxd1 19. Bxc6 bxc6 20. Ne5
Rc8 21. b3 f6 22. Nc4 Be6 23. Ne3 Rd3 24. c4 a5 25. Rb1 Rb8 26. Ba3 a4 27. Bxc5
axb3 28. axb3 Rdxb3 29. Rxb3 Rxb3 30. Bd4 Rd3 31. Bb6 Rd2 32. Kg3 Kf7 33. c5 g6
34. Bc7 Rd3 35. Bd6 h6 36. Kh2 g5 37. g3 Rd2 38. Kg2 Bd5+ 39. Kf1 Bf3 40. h4 Ra2
41. hxg5 Ra1+ {White resigns} 0-1

[Event "Team 45 45 League T73"]
[Site "Internet Chess Club"]
[Date "2017.06.15"]
[Round "1"]
[White "BrerRabbit"]
[Black "seattleblues"]
[Result "1/2-1/2"]
[WhiteElo "1359"]
[BlackElo "1298"]
[Opening "Queen's pawn: London system"]
[ECO "A45"]
[Time "20:01:18"]
[TimeControl "2700+45"]

1. d4 Nf6 2. Bf4 d5 3. e3 e6 4. Nd2 Be7 5. Bd3 O-O 6. c3 Nbd7 7. h3 b6 8. Ngf3
Bb7 9. O-O Re8 10. a4 Nf8 11. a5 Bd6 12. Ne5 N6d7 13. Bb5 a6 14. Bc6 Bxc6 15.
Nxc6 Qc8 16. Bxd6 cxd6 17. Nb4 b5 18. Nf3 Ng6 19. Qe2 Nf6 20. Nd2 Qd7 21. f3
Rac8 22. Nxa6 Ra8 23. Nb4 Nh5 24. Rfe1 Rec8 25. Kf2 Ne7 26. a6 Nf6 27. Ra5 Rcb8
28. Nb1 Ne8 29. Na3 Nc7 30. Nac2 Nc8 31. Rea1 Nb6 32. b3 Nc8 33. Na3 {Game drawn
by mutual agreement} 1/2-1/2

[Event "Team 45 45 League T73"]
[Site "Internet Chess Club"]
[Date "2017.06.16"]
[Round "1"]
[White "Conjurer"]
[Black "WzeroMN"]
[Result "1-0"]
[WhiteElo "1226"]
[BlackElo "1125"]
[Opening "Queen's pawn: London system"]
[ECO "A45"]
[Time "12:01:07"]
[TimeControl "2700+45"]

1. d4 Nf6 2. Bf4 e6 3. e3 d5 4. Nf3 Bd6 5. Bg3 Bxg3 6. hxg3 O-O 7. c4 c6 8. Bd3
dxc4 9. Bxc4 b5 10. Bb3 a5 11. a4 b4 12. Nbd2 Bb7 13. Rc1 Nbd7 14. Qc2 Rc8 15.
Ng5 h6 16. Nge4 Nxe4 17. Nxe4 Nf6 18. Rh4 Nxe4 19. Qxe4 Qf6 20. Rc5 Qg6 21. Qxg6
fxg6 22. Bxe6+ Kh7 23. Bxc8 Rxc8 24. Rxa5 Ra8 25. Rxa8 Bxa8 26. b3 g5 27. Re4 c5
28. Re8 Bxg2 29. dxc5 Bd5 30. Rb8 Bxb3 31. Rxb4 Bd5 32. Rd4 Bc6 33. a5 Kg8 34.
Rd6 Bf3 35. Kd2 Kf7 36. c6 Ke7 37. Rd7+ Ke8 38. Rxg7 Bxc6 39. Rg6 Bd5 40. Rxh6
g4 41. a6 Kd7 42. Kc3 Kc7 43. Kd4 Bf3 44. e4 Kb8 45. e5 Ka7 46. Rd6 Be2 47. e6
Bxa6 48. Rd7+ Kb8 49. e7 Bc8 50. e8=Q {Black resigns} 1-0

[Event "Team 45 45 League T73"]
[Site "Internet Chess Club"]
[Date "2017.06.17"]
[Round "1"]
[White "g8wrb"]
[Black "mongmong"]
[Result "0-1"]
[WhiteElo "1166"]
[BlackElo "1500"]
[Opening "French: Winawer (Nimzovich) variation"]
[ECO "C15"]
[Time "12:13:45"]
[TimeControl "2700+45"]

1. e4 e6 2. d4 d5 3. Nc3 Bb4 4. Bd3 c5 5. exd5 Qxd5 6. Bb5+ Bd7 7. Bxd7+ Nxd7 8.
Nf3 Ngf6 9. O-O Bxc3 10. bxc3 c4 11. Ba3 Ne4 12. Bb2 O-O 13. Re1 Nb6 14. Nd2
Nxd2 15. Qxd2 Na4 16. Rab1 Nxb2 17. Rxb2 a6 18. Re5 Qd7 19. Qe2 b5 20. Qg4 Qd6
21. Rb4 Rab8 22. Qd1 f6 23. Rc5 Rfc8 24. Rxc8+ Rxc8 25. a4 Rb8 26. Qb1 Qd5 27.
axb5 axb5 28. f3 Kf7 29. Kf2 f5 30. Qe1 Kf6 31. f4 h6 32. Qe5+ Qxe5 33. fxe5+
Kg5 34. Kf3 f4 35. Rb1 Kf5 36. Ra1 g5 37. h3 h5 38. Ra6 g4+ 39. hxg4+ hxg4+ 40.
Kf2 b4 41. cxb4 Rxb4 42. Rc6 c3 43. Rxc3 Rxd4 44. Rc5 Re4 45. Rb5 Rxe5 46. c4
Rxb5 47. cxb5 Ke5 48. Ke2 Kd6 49. Kd3 Kc5 50. Ke4 e5 51. Kxe5 f3 52. b6 Kxb6
{White resigns} 0-1

[Event "Team 45 45 League T73"]
[Site "Internet Chess Club"]
[Date "2017.06.16"]
[Round "1"]
[White "kabubi"]
[Black "tasawyer81"]
[Result "1/2-1/2"]
[WhiteElo "1232"]
[BlackElo "1150"]
[Opening "King's pawn game"]
[ECO "C44"]
[Time "18:52:09"]
[TimeControl "2700+45"]

1. e4 e5 2. Nf3 Nc6 3. d3 Be7 4. g3 Nf6 5. Nbd2 O-O 6. Bg2 d6 7. O-O Be6 8. c3
Qd7 9. Re1 Bg4 10. Nf1 d5 11. exd5 Nxd5 12. Qe2 Bf6 13. Ne3 e4 14. dxe4 Nxc3 15.
bxc3 Bxc3 16. Rb1 Bxe1 17. Qxe1 b6 18. Ba3 Rfe8 19. Rd1 Qc8 20. Rd5 Bxf3 21.
Bxf3 Ne5 22. Bg2 h6 23. f4 Ng4 24. Bh3 Ne5 25. Bxc8 Nf3+ 26. Kf1 Nxe1 27. Kxe1
Raxc8 28. e5 c5 29. Nc4 b5 30. Nd6 Red8 31. Bxc5 Ra8 32. Rd1 a5 33. Nxb5 Rxd1+
34. Kxd1 Rd8+ 35. Bd6 Kh7 36. Kc2 Kg6 37. a4 Kf5 {Game drawn by mutual
agreement} 1/2-1/2

[Event "Team 45 45 League T73"]
[Site "Internet Chess Club"]
[Date "2017.06.19"]
[Round "1"]
[White "WzeroMN"]
[Black "oldbookseller"]
[Result "1-0"]
[WhiteElo "1132"]
[BlackElo "888"]
[Opening "Ruy Lopez: Berlin defense, Beverwijk variation"]
[ECO "C65"]
[Time "13:00:39"]
[TimeControl "2700+45"]

1. e4 e5 2. Nf3 Nc6 3. Bb5 Nf6 4. O-O Bc5 5. Bxc6 dxc6 6. h3 O-O 7. d3 Be6 8.
Nxe5 Bd4 9. Nf3 Qd6 10. c3 Bb6 11. d4 Nxe4 12. Be3 Bxh3 13. gxh3 Qg6+ 14. Kh1
Rfe8 15. Rg1 Qh5 16. Nh2 Qd5 17. Rg2 c5 18. Nd2 Nxf2+ 19. Bxf2 Re7 20. Qg4 g6
21. Qg5 Qe6 22. Ndf3 Rae8 23. Qc1 cxd4 24. Bh4 f6 25. cxd4 Bxd4 26. Nxd4 Qxh3
27. Nf3 Qe6 28. Rg1 g5 29. Bf2 Qe2 30. Qd2 Qe4 31. Rg3 Kf7 32. Re1 Qc6 33. Rxe7+
Kxe7 34. Qe1+ Kd8 35. Qd1+ Kc8 36. Rg1 f5 37. Re1 Rf8 38. Kg1 g4 39. Nd4 Qh6 40.
Re6 Qh3 41. Qf1 Rg8 42. Qxh3 gxh3+ 43. Kf1 Rg2 44. Nhf3 c5 45. Nxf5 c4 46. Re8+
Kc7 47. Re7+ Kc6 48. Rg7 Kd5 49. Rxg2 hxg2+ 50. Kxg2 h5 51. Ne3+ Ke4 52. Nh4 c3
53. bxc3 b5 54. Nef5 a5 55. a3 {Black resigns} 1-0

[Event "Team 45 45 League T73"]
[Site "Internet Chess Club"]
[Date "2017.06.19"]
[Round "1"]
[White "GideonL"]
[Black "smsxman"]
[Result "1/2-1/2"]
[WhiteElo "1393"]
[BlackElo "1334"]
[Opening "Queen's pawn: Yusupov-Rubinstein system"]
[ECO "A40"]
[Time "20:00:49"]
[TimeControl "2700+45"]

1. d4 e6 2. Nf3 Nf6 3. e3 Nc6 4. c4 d5 5. Nc3 Bb4 6. Bd2 O-O 7. a3 Bxc3 8. Bxc3
a6 9. Be2 Bd7 10. O-O Na7 11. cxd5 Nxd5 12. Qc2 Bb5 13. Bxb5 axb5 14. e4 Nxc3
15. Qxc3 c6 16. Rfd1 Nc8 17. Rd2 Nd6 18. Qc2 Nc4 19. Rdd1 Qe7 20. b3 Nxa3 21.
Qd3 b4 22. Ra2 h6 23. Rda1 Rfd8 24. Rd2 c5 25. Qe2 b6 26. Rad1 f6 27. g3 b5 28.
dxc5 Rxd2 29. Qxd2 Qxc5 30. Qd4 Qc3 31. Rd3 Qxd4 32. Rxd4 Nc2 33. Rd6 e5 34. Rb6
Ra5 35. Rc6 Ra1+ 36. Kg2 Nd4 37. Nxd4 exd4 38. Rd6 Rd1 39. Rd5 Rd3 40. Rxb5 Rxb3
41. Rd5 d3 42. Kf3 Rc3 43. Ke3 b3 44. Kd2 Rc2+ 45. Kxd3 Rxf2 46. Rb5 b2 47. Kc3
Rxh2 48. Rxb2 Rh3 49. Rg2 h5 50. Kd4 g6 51. Kd5 Kf7 52. e5 fxe5 53. Kxe5 Ke7 54.
Kf4 Kf6 55. Ra2 Rh1 56. Kf3 g5 57. Ra6+ Kg7 58. Ra7+ Kg6 59. Ra6+ Kf7 60. Ra7+
Ke6 61. Ra6+ Kf5 62. Ra5+ Kg6 63. Ra6+ Kf5 64. Ra5+ Ke6 65. Rxg5 Rf1+ 66. Kg2
Rf5 {Game drawn by mutual agreement} 1/2-1/2

[Event "Team 45 45 League T73"]
[Site "Internet Chess Club"]
[Date "2017.06.18"]
[Round "1"]
[White "stantheman59"]
[Black "seattleblues"]
[Result "0-1"]
[WhiteElo "1251"]
[BlackElo "1312"]
[Opening "Bogo-Indian defense, Nimzovich variation"]
[ECO "E11"]
[Time "21:05:32"]
[TimeControl "2700+45"]

1. d4 Nf6 2. c4 e6 3. Nf3 Bb4+ 4. Bd2 Qe7 5. a3 Bxd2+ 6. Nbxd2 O-O 7. e3 d6 8.
Bd3 b6 9. O-O Bb7 10. e4 Nbd7 11. Re1 Qd8 12. Qc2 h6 13. Re3 c5 14. d5 exd5 15.
exd5 Qc7 16. Ne4 Rfe8 17. Rae1 Nxe4 18. Rxe4 Rxe4 19. Rxe4 Nf6 20. Re3 Bc8 21.
Qe2 Bg4 22. h3 Bxf3 23. Qxf3 Rd8 24. Qe2 Kf8 25. h4 Qd7 26. Qf3 Qg4 27. Qxg4
Nxg4 28. Re2 Ne5 29. Rd2 Re8 30. b3 Nxd3 31. Rxd3 Re4 32. g3 Ke7 33. Kg2 Kf6 34.
Rf3+ Ke7 35. Rc3 a5 36. a4 Re5 37. f4 Re4 38. Kf3 Rd4 39. Re3+ Kd7 40. Kg4 g6
41. h5 Rd2 42. hxg6 fxg6 43. f5 gxf5+ 44. Kxf5 Rf2+ 45. Kg6 Rh2 46. Re4 Rh3 47.
g4 Rh4 48. Kf5 Rh3 49. Re6 Rf3+ 50. Ke4 Rh3 51. Kf4 h5 52. g5 h4 53. g6 Rg3 54.
Kf5 h3 55. Kf6 h2 56. Re7+ Kd8 57. Kf7 h1=Q 58. Re8+ Kd7 59. Re7+ Kd8 60. Re8+
Kd7 61. Re7+ Kd8 62. Re8+ Kd7 63. Re7+ Kd8 64. Re8+ Kd7 65. Re7+ Kd8 66. Re8+
Kd7 67. Re7+ Kc8 68. g7 Rxg7+ 69. Kxg7 Qg1+ 70. Kf8 Qf2+ 71. Rf7 Qd4 72. Kg8
Qg4+ 73. Rg7 Qf3 74. Kh8 Qxb3 {White resigns} 0-1

[Event "Team 45 45 League T73"]
[Site "Internet Chess Club"]
[Date "2017.06.18"]
[Round "1"]
[White "joaoazm"]
[Black "rhayder"]
[Result "1-0"]
[WhiteElo "1204"]
[BlackElo "1143"]
[Opening "Two knights defense (Modern bishop's opening)"]
[ECO "C55"]
[Time "20:08:07"]
[TimeControl "2700+45"]

1. e4 e5 2. Nf3 Nc6 3. Bc4 Nf6 4. d3 Be7 5. O-O O-O 6. Re1 d6 7. c3 Na5 8. Bb5
a6 9. Ba4 b5 10. Bc2 c5 11. Nbd2 Be6 12. d4 exd4 13. cxd4 cxd4 14. Nxd4 Bg4 15.
N2f3 Nc4 16. b3 Ne5 17. Bd2 Rc8 18. Qb1 Bxf3 19. Nxf3 Nxf3+ 20. gxf3 Nd7 21. Qd1
Ne5 22. Rc1 Qd7 23. f4 Qg4+ 24. Qxg4 Nxg4 25. Bb4 Rfe8 26. h3 Nf6 27. e5 dxe5
28. Bxe7 Rxe7 29. Bxh7+ Kxh7 30. Rxc8 Nd7 31. Rc7 f6 32. f5 Kh6 33. Rd1 Kg5 34.
Rdxd7 Rxd7 35. Rxd7 Kxf5 36. Rxg7 Ke4 37. h4 {Black resigns} 1-0

[Event "Team 45 45 League T73"]
[Site "Internet Chess Club"]
[Date "2017.06.20"]
[Round "1"]
[White "chips"]
[Black "Rbug"]
[Result "1-0"]
[WhiteElo "1204"]
[BlackElo "999"]
[Opening "Queen's pawn game, Chigorin variation"]
[ECO "D02"]
[Time "09:08:07"]
[TimeControl "2700+45"]

1. Nf3 d5 2. d4 Nc6 3. Nc3 Bf5 4. a3 e6 5. g3 h6 6. Bg2 Nf6 7. O-O Bd6 8. b4 a6
9. Bb2 Qd7 10. e3 O-O-O 11. b5 axb5 12. Nxb5 g5 13. Nxd6+ Qxd6 14. a4 g4 15. Nd2
h5 16. Ba3 Nb4 17. Bxb4 Qxb4 18. c3 Qd6 19. Qc1 h4 20. Qa3 h3 21. Qxd6 Rxd6 22.
Bh1 Bd3 23. Rfc1 Rc6 24. a5 Nd7 25. e4 Nf6 26. exd5 exd5 27. Nb3 Bc4 28. Nc5 Nd7
29. Na4 Bb3 30. Nb2 Re8 31. Re1 Rxe1+ 32. Rxe1 Nf6 33. Rc1 Ne4 34. Bxe4 dxe4 35.
Kf1 Bc4+ 36. Ke1 b5 37. Kd2 Ra6 38. Ra1 f5 39. Ke3 Kd7 40. Nxc4 bxc4 41. Ra4 c6
42. Kf4 Ke6 43. Rxc4 Kf6 44. Rc5 Ke6 45. c4 Kf6 46. Rxf5+ {Black resigns} 1-0

[Event "Team 45 45 League T73"]
[Site "Internet Chess Club"]
[Date "2017.06.18"]
[Round "1"]
[White "drsigmund1"]
[Black "Electryon"]
[Result "1-0"]
[WhiteElo "1395"]
[BlackElo "1428"]
[Opening "Queen's pawn"]
[ECO "A40"]
[Time "17:01:06"]
[TimeControl "2700+45"]

1. d4 e6 2. Bf4 Nf6 3. e3 c5 4. c3 cxd4 5. cxd4 Bb4+ 6. Nd2 b6 7. a3 Be7 8. Rc1
Bb7 9. Bc7 Qc8 10. Bxb6 Nc6 11. Bc5 d6 12. Bb4 a5 13. Bc3 O-O 14. Ngf3 Qd7 15.
Bb5 Rfc8 16. O-O Ba6 17. Bxa6 Rxa6 18. Qe2 Rb6 19. Nc4 Rb3 20. Nfd2 Rbb8 21. Nf3
a4 22. Qd1 Qa7 23. Qd3 h6 24. h3 Qa6 25. Nce5 Qxd3 26. Nxd3 Ne4 27. Nd2 Nxc3 28.
bxc3 d5 29. Nb4 Na7 30. c4 dxc4 31. Nxc4 Bxb4 32. axb4 Rxb4 33. Nd6 Rc6 34. Rxc6
Nxc6 35. Rc1 Rb6 36. Nc8 Ra6 37. Rxc6 Rxc6 38. Ne7+ Kf8 39. Nxc6 a3 40. Nb4 Ke7
41. Kf1 Kd6 42. Ke1 f6 43. Kd1 e5 44. Kc2 exd4 45. exd4 f5 46. Kb3 g5 47. Kxa3
h5 48. Kb3 g4 49. h4 f4 50. Kc3 Kc7 51. Kd3 Kd6 52. Ke4 f3 53. gxf3 gxf3 54.
Kxf3 {Black resigns} 1-0

[Event "Team 45 45 League T73"]
[Site "Internet Chess Club"]
[Date "2017.06.18"]
[Round "1"]
[White "Aquaman"]
[Black "dabodhi"]
[Result "1/2-1/2"]
[WhiteElo "1335"]
[BlackElo "1308"]
[Opening "Blackmar-Diemer gambit"]
[ECO "D00"]
[Time "20:30:54"]
[TimeControl "2700+45"]

1. d4 Nf6 2. Nc3 d5 3. e4 dxe4 4. f3 Bf5 5. fxe4 Nxe4 6. Nxe4 Bxe4 7. Be3 Qd5 8.
c4 Qa5+ 9. Bd2 Qb6 10. Bc3 c6 11. c5 Qc7 12. Nf3 Nd7 13. Be2 e6 14. O-O Be7 15.
Bd2 h6 16. Bc3 Bf6 17. Nd2 Bd5 18. b4 a6 19. Qe1 O-O 20. Nc4 Bxc4 21. Bxc4 e5
22. d5 cxd5 23. Bxd5 Rab8 24. Qe4 Rfe8 25. Bb2 b6 26. c6 Nf8 27. Qg4 Nh7 28. Rf5
Rbd8 29. Be4 Kh8 30. Raf1 Rf8 31. Qe2 b5 32. Qc2 Ng5 33. Bd3 Rd6 34. Rxe5 Rxc6
35. Rc5 Bxb2 36. Qxb2 Rxc5 37. bxc5 Qxc5+ 38. Kh1 Rd8 39. Bc2 Rd2 40. Rc1 Qc6
41. Be4 Rxb2 42. Bxc6 Rxa2 43. h4 Ne6 44. Be4 g6 45. Rf1 f5 46. Bd5 Re2 47. Kg1
Nd4 48. Rd1 Nc2 49. Kh2 Ne3 50. Bf3 Nxd1 51. Bxe2 Ne3 52. Kg3 Kg7 53. Kf4 Kf6
54. Kxe3 Ke5 55. g3 g5 56. hxg5 hxg5 57. Kf3 g4+ 58. Ke3 a5 59. Bxb5 f4+ 60.
gxf4+ Kd6 61. f5 g3 62. Kf3 Kc5 63. Be8 Kd6 64. f6 Ke6 65. f7 Ke7 66. Kxg3 a4
{Game drawn by mutual agreement} 1/2-1/2

[Event "Team 45 45 League T73"]
[Site "Internet Chess Club"]
[Date "2017.06.18"]
[Round "1"]
[White "Just-Jim"]
[Black "GiantsFan"]
[Result "0-1"]
[WhiteElo "1286"]
[BlackElo "1172"]
[Opening "Queen's pawn game, Krause variation"]
[ECO "D02"]
[Time "17:13:05"]
[TimeControl "2700+45"]

1. Nf3 d5 2. d4 c5 3. dxc5 e6 4. b4 Qf6 5. Nd4 Nc6 6. c3 a5 7. a3 axb4 8. e3
bxa3 9. Bb5 Bxc5 10. Nxc6 a2 11. Na7+ Kf8 12. Nxc8 axb1=Q 13. Rxb1 Rxc8 14. O-O
Qxc3 15. Bd2 Qf6 16. Rc1 b6 17. Qa4 Qe7 18. Qa6 Rd8 19. Qa1 Nf6 20. Bc3 Rg8 21.
Bxf6 Qxf6 22. Qxf6 gxf6 23. f4 Bxe3+ 24. Kh1 Bxc1 25. Rxc1 Ke7 26. Rc7+ Kd6 27.
Rxf7 Rc8 28. h3 f5 29. Rd7+ Kc5 30. Ba6 Ra8 31. Be2 Ra4 32. Rxh7 Rxf4 33. Rh6
Rf2 34. Rxe6 Rfxg2 35. Bf3 R2g3 36. Re3 Rxh3# {White checkmated} 0-1

[Event "Team 45 45 League T73"]
[Site "Internet Chess Club"]
[Date "2017.06.16"]
[Round "1"]
[White "RobertBuice"]
[Black "Xbug"]
[Result "0-1"]
[WhiteElo "1044"]
[BlackElo "1153"]
[Opening "King's Indian, 3.Nf3"]
[ECO "E61"]
[Time "14:48:33"]
[TimeControl "2700+45"]

1. d4 Nf6 2. Nf3 g6 3. c4 Bg7 4. Nc3 O-O 5. Qc2 d6 6. e4 Bg4 7. Bf4 Bxf3 8. gxf3
Nbd7 9. O-O-O e5 10. dxe5 dxe5 11. Bxe5 Qe7 12. Bxc7 Nc5 13. Ba5 b6 14. Bb4 Qc7
15. Bxc5 Qxc5 16. a3 Qg5+ 17. Qd2 Qxd2+ 18. Rxd2 Bh6 19. Nb1 Bxd2+ 20. Nxd2 Rac8
21. Bh3 Rc6 22. e5 Nh5 23. Bd7 Rc7 24. Bb5 Rc5 25. Bd7 Rxe5 26. Ne4 Rd8 27. Bg4
Nf4 28. Re1 Kg7 29. Kc2 f5 30. Bh5 Nxh5 31. Rg1 fxe4 32. fxe4 Rxe4 33. f3 Red4
34. Kb3 Rc8 35. Rc1 b5 36. cxb5 {White resigns} 0-1